 Dungeon Crawl Stone Soup version 0.29.1-15-g9cfb28693d (webtiles) character file.

Game seed: 3384823309282034200

4976 protoss039 the Trooper (level 10, -8/79 HPs)
             Began as a Demonspawn Earth Elementalist on Feb 27, 2023.
             Was a Follower of Vehumet.
             Mangled by a wyvern (11 damage)
             ... on level 8 of the Dungeon.
             The game lasted 00:12:45 (10251 turns).

protoss039 the Trooper (DsEE)                      Turns: 10251, Time: 00:12:46

Health: -8/79      AC: 15    Str:  9    XL:     10   Next: 29%
Magic:  12/21      EV: 12    Int: 20    God:    Vehumet [*.....]
Gold:   379        SH:  5    Dex: 14    Spells: 17/23 levels left

rFire   . . .      SeeInvis .   y - +0 halberd (venom)
rCold   . . .      Faith    .   (shield currently unavailable)
rNeg    . . .      Spirit   .   a - +0 robe
rPois   .          Reflect  +   F - +0 helmet
rElec   .          Harm     .   t - +0 cloak
rCorr   +          Rampage  .   r - +2 pair of gloves
Will    .....                   v - +0 pair of boots
Stlth   ++........              j - amulet of reflection
HPRegen 2.23/turn               A - ring of resist corrosion
MPRegen 0.17/turn               C - +4 ring of protection

@: no status effects
A: claws 2, slimy green scales 2, demonic guardian 2, powered by death 2
a: Renounce Religion


You were on level 8 of the Dungeon.
You worshipped Vehumet.
Vehumet was aware of your devotion.
You visited 2 branches of the dungeon, and saw 10 of its levels.

You collected 379 gold pieces.

Inventory:

Hand Weapons
 n - a +1 short sword of speed
 y - a +0 halberd of venom (weapon)
 O - a +2 hand axe of electrocution
 P - a +0 shortbow of flaming
Missiles
 u - 3 datura-tipped darts
 w - 2 throwing nets
Armour
 a - a +0 robe (worn)
 r - a +2 pair of gloves (worn)
 t - a +0 cloak (worn)
 v - a +0 pair of boots (worn)
 F - a +0 helmet (worn)
Jewellery
 j - an amulet of reflection (around neck)
 A - a ring of resist corrosion (left hand)
 C - a +4 ring of protection (right hand)
 D - a ring of flight
 G - a +6 ring of strength
 K - a ring of wizardry
 M - a ring of willpower
Wands
 N - a wand of quicksilver (7)
Scrolls
 e - 2 scrolls of noise {unknown}
 g - 3 scrolls of teleportation
 i - 2 scrolls of enchant weapon
 l - a scroll of identify
 m - a scroll of fear {unknown}
 o - 2 scrolls of magic mapping {unknown}
 p - 3 scrolls of blinking
 q - a scroll of brand weapon {unknown}
 x - a scroll of immolation {unknown}
 z - a scroll of acquirement {unknown}
 E - 4 scrolls of enchant armour
 H - a scroll of fog {unknown}
 J - a scroll of poison {unknown}
Potions
 b - 3 potions of magic
 c - a potion of heal wounds {unknown}
 d - 3 potions of curing
 f - 2 potions of mutation
 h - a potion of lignification {unknown}
 k - 4 potions of might
 s - 2 potions of invisibility {unknown}
 B - 3 potions of haste
 I - 2 potions of brilliance {unknown}
 L - a potion of flight {unknown}


   Skills:
 + Level 7.6 Fighting
 - Level 1.7 Dodging
 - Level 1.7 Stealth
 + Level 7.3 Spellcasting
 + Level 7.3 Conjurations
 - Level 0.8 Transmutations
 + Level 7.6 Earth Magic


You had 17 spell levels left.
You knew the following spells:

 Your Spells              Type           Power      Damage    Failure   Level
a - Sandblast             Erth           74%        2d16      1%          1
b - Passwall              Tmut/Erth      20%        N/A       2%          2
c - Stone Arrow           Conj/Erth      74%        3d11      1%          3

Your spell library contained the following spells:

 Spells                   Type           Power      Damage    Failure   Level
 Magic Dart               Conj           100%       1d8       1%          1
 Shock                    Conj/Air       84%        1d8       1%          1
 Conjure Flame            Conj/Fire      21%        6-21      6%          3
 Petrify                  Tmut/Erth      24%        N/A       16%         4
 Sticky Flame             Conj/Fire      21%        2d4       21%         4
 Ignite Poison            Fire/Tmut/Pois 8%         N/A       24%         3
 Gell's Gravitas          Tloc           7%         N/A       26%         3
 Lesser Beckoning         Tloc           7%         N/A       26%         3
 Swiftness                Air            7%         N/A       26%         3
 Teleport Other           Tloc           7%         N/A       26%         3
 Airstrike                Air            3%         2d(1-17)  65%         4


Dungeon Overview and Level Annotations

Branches:
Dungeon (9/15) Zot: 26552  Temple (1/1) D:6 Zot: 5985     Orc (0/2) D:9
   Lair: D:8-11

Altars:
Ashenzari
Cheibriados
Dithmenos
Fedhas
Gozag
Hepliaklqana
Kikubaaqudgha
Nemelex Xobeh
Okawaru
Qazlal
Sif Muna
Vehumet
Wu Jian
Xom
Yredelemnul

Annotations:
D:7 1 runed translucent door, gargbit's ghost, novice NaVM


Innate Abilities, Weirdness & Mutations

You have very sharp fingernails.
You are mostly covered in slimy green scales. (AC +3)
A demonic guardian rushes to your aid.
You regenerate health from kills.


Message History

Casting: Stone Arrow (safe; 1% risk of failure)
Confirm with . or Enter, or press ? or * to list all spells.
Aiming: Stone Arrow (safe; 1% risk of failure)
Press: ? - help, Shift-Dir - straight line, f/p - kobold brigand
Aim: a kobold brigand, wielding a +0 dagger and quivering curare-tipped darts (severely wounded, 67% to hit)
The stone arrow hits the kobold brigand!
You kill the kobold brigand!
Vehumet accepts your kill.
You feel your power returning. The wyvern bites you.
The orc grunts to no one in particular.
Casting: Stone Arrow (safe; 1% risk of failure)
Confirm with . or Enter, or press ? or * to list all spells.
Aiming: Sandblast (safe; 1% risk of failure)
Press: ? - help, Shift-Dir - straight line, f - orc warrior
Aim: an orc warrior, wielding a +0 broad axe, wearing a +0 chain mail and quivering boomerangs (82% to hit)
The blast of sand misses the orc warrior.
The wyvern misses you. The wyvern bites you!
The orc warrior hits you but does no damage.
Casting: Sandblast (safe; 1% risk of failure)
Confirm with . or Enter, or press ? or * to list all spells.
Aiming: Sandblast (safe; 1% risk of failure)
Press: ? - help, Shift-Dir - straight line, f - orc, p - orc warrior
Aim: an orc, wielding a +0 short sword (84% to hit)
The blast of sand hits the orc!!
You kill the orc!
Vehumet accepts your kill.
You feel your power returning. The wyvern barely misses you.
The orc warrior hits you with a +0 broad axe!
The wyvern misses you.
The orc warrior hits you with a +0 broad axe.
The wyvern bites you! The wyvern bites you.
The orc warrior hits you with a +0 broad axe.
* * * LOW HITPOINT WARNING * * *
You see here a +0 short sword.
The orc warrior attacks as you move away!
The orc warrior hits you with a +0 broad axe!
* * * LOW HITPOINT WARNING * * *
The wyvern attacks as you move away! The wyvern bites you!
You die...

###.....# #.#########.#
#...###.### #.# #.#####.#
####.###.....## #.###.....#.#
#.....#.8...8.# #.#...###.#.#
#.....#.......#####.###.# #.#.#
#........._...........#<# #.#.#
#.....#.......#############.#.#
......#.8...8.#o>l..........#.#
########.....###@###..####..#.#
≈≈≈##..###.###..............†.#
≈≈≈≈#...##....##'####..###..###
≈≈≈≈#...##........# #..#......#
♣8♣≈#...##........###..#.##...#
...♣#...##.............#......#
._..#...######.....###.####...#
...♣#...# #.....##.........#
♣.♣##...# #.....##..####...#


You could see an orc warrior and a wyvern.

Vanquished Creatures
  A hydra (D:7)
  A two-headed ogre (D:9)
  Joseph (D:8)
  A kobold demonologist (D:5)
  A hornet (D:7)
  2 steam dragons
  A water moccasin (D:7)
  A sky beast (D:7)
  2 ice beasts (D:5)
  2 black bears
  2 ogres
  3 centaurs
  A phantom (D:6)
  2 kobold brigands
  3 bullfrogs
  A necrophage (D:6)
  4 scorpions
  3 vampire bats (D:3)
  4 howler monkeys
  A gnoll bouda (D:7)
  A jelly (D:4)
  Crazy Yiuf (D:2)
  3 hounds
  5 orc priests
  5 iguanas
  4 orc wizards (D:5)
  6 gnolls
  4 adders
  2 shadow imps
  3 white imps
  5 dart slugs
  A worm (D:3)
  20 orcs
  5 ball pythons
  3 bats (D:1)
  2 bat skeletons (D:3)
  5 bat zombies (D:3)
  6 endoplasms
  3 giant cockroaches
  4 goblins
  9 hobgoblins
  3 jackals
  10 kobolds
  6 quokkas
  2 frilled lizards (D:2)
  8 rats
  A butterfly (D:8)
164 creatures vanquished.

Vanquished Creatures (collateral kills)
  An orc wizard (D:5)
  An orc (D:5)
  A kobold (D:9)
3 creatures vanquished.

Grand Total: 167 creatures vanquished

Notes
Turn   | Place    | Note
-------+----------+-------------------------------------------
     0 | D:1      | protoss039 the Demonspawn Earth Elementalist began the
                  | quest for the Orb.
     0 | D:1      | Reached XP level 1. HP: 13/13 MP: 3/3
   479 | D:1      | Gained mutation: You have sharp fingernails. [demonic
                  | ancestry]
   479 | D:1      | Reached XP level 2. HP: 18/20 MP: 3/5
   668 | D:1      | Reached skill level 1 in Fighting
  1072 | D:1      | Gained mutation: A weak demonic guardian rushes to your
                  | aid. [demonic ancestry]
  1072 | D:1      | Reached XP level 3. HP: 19/26 MP: 6/6
  1695 | D:1      | Learned a level 2 spell: Passwall
  1701 | D:2      | Learned a level 3 spell: Stone Arrow
  1702 | D:2      | Found a faded altar of an unknown god.
  2262 | D:2      | Found a runed translucent door.
  2263 | D:2      | Noticed Crazy Yiuf
  2480 | D:2      | Killed Crazy Yiuf
  2481 | D:2      | Reached skill level 1 in Conjurations
  2481 | D:2      | Gained mutation: You regenerate a little health from kills.
                  | [demonic ancestry]
  2481 | D:2      | Reached XP level 4. HP: 33/33 MP: 3/8
  2689 | D:3      | Found a shadowy altar of Dithmenos.
  2809 | D:3      | Paralysed by an orc for 4 turns
  2953 | D:3      | Gained mutation: You are partially covered in slimy green
                  | scales. (AC +2) [demonic ancestry]
  2953 | D:3      | Reached XP level 5. HP: 38/38 MP: 5/9
  3155 | D:3      | Found an ancient bone altar of Kikubaaqudgha.
  3198 | D:3      | Gained mutation: You have very sharp fingernails. [demonic
                  | ancestry]
  3198 | D:3      | Reached XP level 6. HP: 38/46 MP: 11/11
  4020 | D:4      | Reached XP level 7. HP: 52/52 MP: 7/12
  4164 | D:5      | Entered Level 5 of the Dungeon
  4368 | D:5      | Found an iron altar of Okawaru.
  4838 | D:5      | Noticed a kobold demonologist
  4847 | D:5      | Noticed a smoke demon
  4866 | D:5      | Killed a kobold demonologist
  4867 | D:5      | Reached skill level 5 in Earth Magic
  4867 | D:5      | Gained mutation: You are mostly covered in slimy green
                  | scales. (AC +3) [demonic ancestry]
  4867 | D:5      | Reached XP level 8. HP: 17/61 MP: 0/15
  5178 | D:5      | Reached skill level 5 in Spellcasting
  5599 | D:5      | Reached skill level 5 in Fighting
  5937 | D:6      | Found an ornate altar of the Wu Jian Council.
  5937 | D:6      | Found a blossoming altar of Fedhas.
  5937 | D:6      | Found a shimmering blue altar of Sif Muna.
  5945 | D:6      | Found a stormy altar of Qazlal.
  5977 | D:6      | Found a staircase to the Ecumenical Temple.
  5984 | Temple   | Entered the Ecumenical Temple
  5991 | Temple   | Became a worshipper of Vehumet
  6160 | D:6      | Reached skill level 5 in Conjurations
  7048 | D:7      | Gained mutation: You regenerate health from kills. [demonic
                  | ancestry]
  7048 | D:7      | Reached XP level 9. HP: 69/69 MP: 9/17
  7104 | D:7      | Found Futalaid's Jewellery Emporium.
  7739 | D:7      | Noticed a four-headed hydra
  7750 | D:7      | Killed a five-headed hydra
  7750 | D:7      | Reached * piety under Vehumet
  7750 | D:7      | Offered knowledge of Magic Dart by Vehumet.
  8153 | D:7      | Found a runed translucent door.
  8154 | D:7      | Found a shimmering altar of Xom.
  8154 | D:7      | Noticed gargbit's ghost (novice NaVM)
  8154 | D:7      | Noticed a +1 hand axe of chaos
  8212 | D:7      | Paralysed by a hornet for 1 turns
  8432 | D:7      | Paralysed by a hornet for 3 turns
  8739 | D:8      | Found a hazy altar of Hepliaklqana.
  8767 | D:8      | Found a shimmering altar of Xom.
  8914 | D:8      | Found an opulent altar of Gozag.
  9248 | D:8      | Noticed Joseph
  9260 | D:8      | Killed Joseph
  9261 | D:8      | Gained mutation: A demonic guardian rushes to your aid.
                  | [demonic ancestry]
  9261 | D:8      | Reached XP level 10. HP: 44/79 MP: 1/20
  9834 | D:9      | Noticed a two-headed ogre
  9839 | D:9      | Killed a two-headed ogre
 10162 | D:9      | Found a staircase to the Orcish Mines.
 10251 | D:8      | HP: 3/79 [orc warrior/+0 broad axe (16)]
 10251 | D:8      | Mangled by a wyvern

Illustrated notes

Levels and vault maps discovered:
D:1:      mainiacjoe_arrival_reflecting_pool, layout_loops_ring
D:2:      layout_basic, basic_ecumenical_altar, minmay_unequal,
          uniq_crazy_yiuf_cottage
D:3:      layout_rooms, kennysheep_vampire_church,
          nicolae_dithmenos_shadow_blocks, nrook_mini_backslash,
          chequers_serial_rivers_room_b
D:4:      layout_loops_ring, dk_noncrumbling_3
D:5:      minmay_general_purpose_star, layout_basic,
          mainiacjoe_overflow_six_doors_small, serial_co_window_serial,
          co_window_paths_b, co_window_corner_a, co_window_of_opportunity_a,
          co_window_paths_a, co_window_corner_a, co_window_unsneaky_path_e,
          co_window_corner_b, co_window_broadway_a, co_window_unsneaky_path_a,
          co_window_corner_cb, glass_columns_a, glass_columns_b, glass_columns_c
D:6:      layout_loops_ring, minmay_overflow_temple_hex,
          minmay_temple_entry_arrows
D:7:      layout_loops_corners, serial_shops, shop, ebering_ghost_xom,
          hangedman_decor_lopped
D:8:      layout_basic, grunt_gozag_statues, xom_butterflies,
          worldfamousw_hep_ancestral_shrine, david_defended_altar_orc,
          uniq_joseph
D:9:      cheibrodos_ideogram_h, layout_long_grid,
          amethyst_overflow_temple_binary, minmay_orc_entry_temple_small,
          serial_shops, shop
Temple:   hellmonk_temple_micro_hex

Skill      XL: |  1  2  3  4  5  6  7  8  9 10 |
---------------+-------------------------------+-----
Fighting       | 1 2 3 4 5 7 |  7.6
Earth Magic    | 3 4 5 6 7 |  7.6
Conjurations   | 1 2 3 4 5 6 7 |  7.3
Spellcasting   | 3 4 5 7 |  7.3
Dodging        | |  1.7
Stealth        | |  1.7
Transmutations | |  0.8

Action                   |  1- 3 |  4- 6 |  7- 9 | 10-12 || total
-------------------------+-------+-------+-------+-------++-------
Melee: Unarmed           |    69 |       |       |       ||    69
       Short sword       |    42 |    73 |       |       ||   115
       Punch             |     1 |       |       |       ||     1
       Halberd           |       |    32 |   104 |    10 ||   146
 Fire: Sling             |     6 |       |       |       ||     6
 Cast: Sandblast         |    37 |    18 |    62 |     7 ||   124
       Stone Arrow       |       |     4 |    84 |     9 ||    97
       Passwall          |       |       |     5 |       ||     5
Evoke: Wand              |       |       |     6 |       ||     6
  Use: Scroll            |       |       |     9 |       ||     9
       Potion            |       |       |     2 |       ||     2
 Stab: Sleeping          |     2 |     3 |     2 |     1 ||     8
       Paralysed         |       |       |     6 |       ||     6
Armor: Robe              |    14 |    71 |   116 |    15 ||   216
Dodge: Dodged            |    89 |    94 |   106 |    25 ||   314
Block: Other             |    29 |    43 |    48 |    10 ||   130
       Reflection        |     1 |     1 |     2 |     4 ||     8
